 Dungeon Crawl Stone Soup version 0.28-a0-1594-ga885d4b3d6 (webtiles) character file.

Game seed: 3970037979728173384

776 fragbeetle the Slasher (level 7, -6/55 HPs)
             Began as a Palentonga Abyssal Knight on Jan 20, 2022.
             Was a Priest of Lugonu.
             Mangled by an orc warrior (17 damage)
             ... on level 5 of the Dungeon.
             The game lasted 00:09:57 (5824 turns).

fragbeetle the Slasher (Palentonga Abyssal Knight)  Turns: 5824, Time: 00:09:57

Health: -6/55      AC: 14    Str: 18    XL:     7   Next: 54%
Magic:  10/10      EV:  9    Int: 10    God:    Lugonu [***...]
Gold:   129        SH:  4    Dex: 11    Spells: 6/6 levels left

rFire   . . .      SeeInvis +   a - +1 falchion
rCold   + . .      Faith    .   s - +0 buckler
rNeg    . . .      Spirit   .   D - +1 robe {rC+}
rPois   .          Reflect  .   h - +2 hat
rElec   .          Harm     .   (no cloak)
rCorr   .          Rampage  .   (no gloves)
Will    +....                   (no barding)
Stlth   +.........              (no amulet)
HPRegen 0.18/turn               f - ring of willpower
MPRegen 0.12/turn               (no ring)

@: curled up
A: large, rugged brown scales 3, see invisible, deformed body, roll 1, armoured
tail, reflexive curl
a: Rolling Charge, Renounce Religion, Depart the Abyss, Bend Space, Banish


You were on level 5 of the Dungeon.
You worshipped Lugonu.
Lugonu was most pleased with you.
You visited 1 branch of the dungeon, and saw 5 of its levels.
You visited the Abyss 1 time.

You collected 129 gold pieces.

Inventory:

Hand Weapons
 a - a +1 falchion (weapon)
 b - a +0 hunting sling
Missiles
 d - 140 stones
 o - 3 poisoned darts
 t - 30 sling bullets
 C - a boomerang
Armour
 h - a +2 hat (worn)
 j - a +0 ring mail
 s - a +0 buckler (worn)
 z - an orb of energy
 D - a +1 robe of cold resistance (worn)
Jewellery
 f - a ring of willpower (left hand)
Scrolls
 g - 4 scrolls of enchant weapon {unknown}
 l - a scroll of brand weapon {unknown}
 m - 4 scrolls of magic mapping {unknown}
 n - a scroll of fear {unknown}
 q - a scroll of amnesia {unknown}
 u - a scroll of identify {unknown}
 w - a scroll of summoning {unknown}
 x - a scroll of teleportation {unknown}
 y - a scroll of blinking {unknown}
 A - a scroll of acquirement {unknown}
 B - a scroll of enchant armour {unknown}
Potions
 c - 2 potions of resistance {unknown}
 e - a potion of brilliance {unknown}
 i - 4 potions of curing {unknown}
 k - 2 potions of cancellation {unknown}
 p - a potion of flight {unknown}
 r - a potion of magic {unknown}
 v - a potion of attraction {unknown}
 E - a potion of heal wounds {unknown}


   Skills:
 - Level 3.0 Fighting
 * Level 6.5 Long Blades
 - Level 1.5 Armour
 - Level 0.7 Dodging
 + Level 2.6 Shields
 + Level 5.1 Invocations


You had 6 spell levels left.
You didn't know any spells.
Your spell library was empty.

Dungeon Overview and Level Annotations

Branches:
Dungeon (5/15)
 Temple: D:4-7

Altars:


Innate Abilities, Weirdness & Mutations

You are completely covered in rugged brown scales. (AC +3, +7% HP)
You have supernaturally acute eyesight. (SInv)
Armour fits poorly on your strangely shaped body.
You can roll at nearby foes to attack.
You have a long armoured tail.
You curl defensively after being hit. (AC +7*)


Message History

The orc warrior is moderately wounded.
You shoot a sling bullet.
The sling bullet completely misses the orc warrior.
a - a +1 falchion (weapon)
You roll forward with a clatter of scales!
You slash the orc warrior! You tail-slap the orc warrior.
The orc warrior is heavily wounded.
You hear an angry hiss.
The orc warrior hits you with a +0 scimitar!
You hit the orc warrior.
The orc warrior is severely wounded.
The orc warrior hits you with a +0 scimitar!
An iguana comes into view.
The orc warrior hits you with a +0 scimitar.
You hit the orc warrior but do no damage.
Your tail-slap misses the orc warrior.
The orc warrior is severely wounded.
You hit the orc warrior but do no damage.
Your tail-slap misses the orc warrior.
The orc warrior is severely wounded.
The orc warrior hits you but does no damage.
You hit the orc warrior.
The orc warrior is severely wounded.
The orc warrior barely misses you.
The orc warrior hits you with a +0 scimitar.
You hit the orc warrior.
The orc warrior is almost dead.
You barely miss the orc warrior.
You tail-slap the orc warrior, but do no damage.
The orc warrior is almost dead.
The orc warrior hits you with a +0 scimitar! x2
* * * LOW HITPOINT WARNING * * *
You barely miss the orc warrior.
The orc warrior is almost dead.
You block the orc warrior's attack.
You hit the orc warrior but do no damage.
The orc warrior is almost dead.
You block the iguana's attack.
The orc warrior hits you with a +0 scimitar!
You die...

#. .. #( .# ..
####(## ## ##
#...(. ..# #.#..#
..# ## #.#..##..#
#. #.#ol....# #.
#.#@##...# #.
#........# #.
###......##
#####. ##......#
#..... #.#.##.###
#.#### #.#......#
#.#...
#.####.#.###.#.##
#.# #.#.......##
#.. [.#####.####


You could see an orc warrior and an iguana.

Vanquished Creatures
  Sigmund (D:3)
  A necrophage (D:4)
  A phantom (D:4)
  A scorpion (D:5)
  A bullfrog skeleton (D:3)
  A centaur skeleton (D:5)
  2 iguanas
  Jessica (D:2)
  2 orc wizards (D:4)
  A hound skeleton (D:4)
  7 gnolls
  3 adders
  An adder skeleton (D:4)
  A worm (D:2)
  3 dart slugs
  14 orcs
  2 endoplasms (D:2)
  5 giant cockroaches
  4 goblins
  5 hobgoblins
  2 quokkas
  5 ball pythons
  10 bats
  A frilled lizard (D:1)
  8 kobolds
  2 rats
85 creatures vanquished.

Notes
Turn   | Place    | Note
-------+----------+-------------------------------------------
     0 | Abyss:1  | fragbeetle the Palentonga Abyssal Knight began the quest
                  | for the Orb.
     0 | Abyss:1  | Reached XP level 1. HP: 19/19 MP: 2/2
    26 | D:1      | Escaped the Abyss
   238 | D:1      | Reached XP level 2. HP: 24/25 MP: 3/3
   373 | D:1      | Found a faded altar of an unknown god.
   688 | D:1      | Reached skill level 3 in Long Blades
   705 | D:1      | Reached ** piety under Lugonu
  1208 | D:2      | Noticed Jessica
  1212 | D:2      | Killed Jessica
  1213 | D:2      | Reached XP level 3. HP: 29/31 MP: 3/5
  1398 | D:2      | Reached XP level 4. HP: 37/37 MP: 6/6
  1491 | D:2      | Reached skill level 4 in Long Blades
  2544 | D:3      | Noticed Sigmund
  2841 | D:3      | Reached XP level 5. HP: 36/43 MP: 7/7
  2932 | D:3      | Killed Sigmund
  2933 | D:3      | Reached skill level 5 in Long Blades
  2933 | D:3      | Reached skill level 1 in Shields
  2933 | D:3      | Reached XP level 6. HP: 35/50 MP: 7/9
  3957 | D:4      | Gained mutation: You curl defensively after being hit. (AC
                  | +7*) [Palentonga growth]
  3957 | D:4      | Reached XP level 7. HP: 30/55 MP: 10/10
  4137 | D:4      | Reached skill level 6 in Long Blades
  4572 | D:4      | Reached *** piety under Lugonu
  5370 | D:5      | Entered Level 5 of the Dungeon
  5384 | D:5      | Reached skill level 5 in Invocations
  5824 | D:5      | Mangled by an orc warrior

Illustrated notes

Levels and vault maps discovered:
D:1:      amcnicky_arrival_wind_blow, layout_basic,
          nicolae_ecumenical_lake_church
D:2:      wad_river_or_something, layout_loops_corners, serial_bayou_crossing,
          uniq_jessica
D:3:      layout_loops_ring, uniq_sigmund
D:4:      layout_layer_cave
D:5:      layout_loops_cross, amcnicky_mini_corridor_feature, uniq_eustachio

Skill      XL: |  1  2  3  4  5  6  7 |
---------------+----------------------+-----
Long Blades    | 3 4 5 6 |  6.5
Invocations    | 3 4 5 |  5.1
Shields        | 1 2 |  2.6
Fighting       | |  3.0
Armour         | |  1.5
Dodging        | |  0.7

Action                   |  1- 3 |  4- 6 |  7- 9 || total
-------------------------+-------+-------+-------++-------
Melee: Falchion          |    62 |   130 |    86 ||   278
       Tailslap          |     8 |    19 |    14 ||    41
       Punch             |       |     1 |       ||     1
 Fire: Hunting sling     |     1 |    11 |    10 ||    22
Throw: Dart              |       |       |     3 ||     3
 Abil: Rolling Charge    |    19 |    22 |    15 ||    56
Armor: Leather armour    |    16 |       |       ||    16
       Scale mail        |     3 |    29 |    16 ||    48
       Robe              |       |       |     5 ||     5
Dodge: Dodged            |    29 |    33 |    29 ||    91
Block: Buckler           |       |    10 |    18 ||    28

Table legend: (Time is in decaauts)
 A = Elapsed time spent in this place.
 B = Non-inter-level travel time spent in this place.
 C = Inter-level travel time spent in this place.
 D = Time resting spent in this place.
 E = Time spent auto-exploring this place.
 F = Levels seen in this place.
 G = Mean time per level.
                   A        B        C        D        E       F      G
               +--------+--------+--------+--------+--------+-----+--------+
         Total |   5852 |   5677 |    175 |   1064 |   3490 |   6 |  975.3 |
       Dungeon |   5826 |   5651 |    175 |   1064 |   3490 |   5 | 1165.2 |
         Abyss |     26 |     26 |      0 |      0 |      0 |   1 |   26.0 |
               +--------+--------+--------+--------+--------+-----+--------+

Top non-repeatable levels by time:
     D:4: 1700 daAuts
     D:2: 1495 daAuts
     D:3: 1102 daAuts
     D:1: 1074 daAuts
     D:5: 453 daAuts
 Abyss:1: 26 daAuts
